 BcadrenCrawl: Boulder Brew version 0.05.31-22-geda828027a (webtiles) character file.

Game seed: 12906020299163872436, levelgen mode: deterministic

434 BR41ND34D the Grave Robber (level 6, -15/36 HPs) Oozomorph Necromancer. Began on Sept 30, 2021. Demolished by Menkaure (24 damage) ... on level 2 of the Dungeon on Oct 1, 2021. The game lasted 00:30:57 (2978 turns).

BR41ND34D the Grave Robber (Oozomorph Necromancer)  Turns: 2978, Time: 00:30:58

Health: -15/36     AC:  8    Str:  9    XL:     6 ^: 112
Magic:  11/11      EV: 13    Int: 17    God:
Gold:   62         SH:  0    Dex: 13    Spells: 4/12 levels left

rFire    . . .     Vision   .   p - +0 short sword
rCold    . . .     Gourm    .   m - +0 dagger (holy)
rNeg     . . .     Faith    .   q - +2 robe {MR+}
rCorr    + + +     Spirit   .   d - +0 robe
rPois    .         Reflect  .   n - +0 robe
rElec    .         Harm     .   (no armour)
MR       +....                  (nothing subsumed)
Stlth    +++.......             (no amulet)
HPRegen  0.22/turn              (no ring)
MPRegen  0.21/turn              (no ring)

@: no status effects
A: cytoplasmic subsumption, amorphous body, gelatinous body 1
a: Subsume Item


You were on level 2 of the Dungeon.
You were not hungry.

You visited 1 branch of the dungeon, and saw 2 of its levels.

You collected 62 gold pieces.

Inventory:

Weapons
 f - a +0 dagger
 m - a +0 dagger of holy wrath (weapon)
 p - a +0 short sword (weapon)
Armour
 d - a +0 robe (worn)
 n - a +0 robe (worn)
 q - a +2 robe of magic resistance (worn)
Jewellery
 o - a cursed amulet of reflection {(Curse: rC-)}
Scrolls
 b - a scroll of bless item
 i - a scroll of blinking
 k - 2 scrolls of teleportation
 l - a scroll of acquirement
Potions
 g - a potion of curing
 h - a potion of agility
 j - a potion of heal wounds
Comestibles
 c - 4 rations


   Skills:
 + Level 2.5 Dodging
 + Level 4.1 Stealth
 * Level 3.8 Spellcasting
 + Level 2.2 Hexes
 * Level 5.1 Necromancy


You had 4 spell levels left.
You knew the following spells:

 Your Spells              Type           Power        Failure   Level  Hunger
a - Pain                  Hex/Necr       15 (25)      3%          1    0
b - Vampiric Draining Necr 20 (200) 6% 3 55-115 c - Animate Dead Necr           N/A          21%         4    135-235

Your spell library contained the following spells:

 Spells                   Type           Power        Failure   Level  Hunger
 Pryten's Skeletal Upris Chrm/Necr 11 (200) 17% 3 55-115 Regeneration Chrm/Necr      11 (200)     17%         3    55-115


Dungeon Overview and Level Annotations

Branches:
Dungeon (2/8)

Altars:
Fedhas Madash
Gozag Ym Sagoz
Trog
Uskayaw

Annotations:
D:2 Menkaure


Innate Abilities, Weirdness & Mutations

You may subsume any weapon, armour, or jewellery into your cytoplasm to benefit from its magical properties.
Your body is completely amorphous, allowing you to wear any combination of armour.
You have seven amorphous slots; replacing the normal gear slots.
Body armours and bardings take two slots, all other armours take one.
Your gelatinous form is immune to acid, constriction and sticky flames. (rCorr+, Slime)


Message History

You hit Menkaure (1). You hit Menkaure but do no damage.
Menkaure is moderately damaged. (15/21) HP Menkaure completely misses you (0).
A kobold comes into view.
Menkaure splashes around in the water.
You hit Menkaure but do no damage. x2
Menkaure is moderately damaged. (15/21) HP Menkaure hits you (1).
* * * LOW HITPOINT WARNING * * *
Unknown command.
Menkaure blocks your attack.
You hit Menkaure but do no damage.
Menkaure is moderately damaged. (15/21) HP Menkaure barely misses you (0).
Menkaure casts a spell at you. You resist with some effort.
You hit Menkaure but do no damage. x2
Menkaure is moderately damaged. (15/21) HP Menkaure hits you (24)!!
Ouch! That really hurt!
You die...

≈≈≈... ##.P#
≈≈≈.## ##.#
≈≈P.# ##≈##
≈≈P..# #≈≈#
≈≈≈... #
#..## ≈≈≈.#.
#.≈##.≈#
≈≈≈.≈
#..≈≈†####
≈≈≈.
#≈≈≈###.≈.##
#... ##@.≈#
... #M### ≈#
#K#


KKK ≈†... #..$.≈# ##≈..≈# #≈...# #≈.### You could see a big kobold, Menkaure and
3 kobolds.

Vanquished Creatures
  Blork the orc (D:2)
  3 giant cockroaches
  2 adders (D:2)
  20 sewer rats
  10 cinder newts
  A worm (D:2)
  An ooze (D:1)
  2 dart slugs (D:1)
  2 leopard geckos (D:2)
  5 goblins (D:1)
  5 hobgoblins (D:1)
  7 kobolds
  A ball python (D:2)
  8 bats (D:1)
  A goblin skeleton (D:2)
  An orc skeleton (D:2)
  4 rats (D:1)
  A slimehead (D:2)
  2 withered plants (D:2)
77 creatures vanquished.

Vanquished Creatures (collateral kills)
  3 oozes (D:2)
  A cinder newt skeleton (D:2)
  4 withered plants (D:2)
8 creatures vanquished.

Vanquished Creatures (others)
  A bat (D:2)
  100 withered plants (D:2)
101 creatures vanquished.

Grand Total: 186 creatures vanquished

Notes
Turn   | Place    | Note
-------+----------+-------------------------------------------
     0 | D:1      | BR41ND34D the Oozomorph Necromancer began the quest for the
                  | Orb.
     0 | D:1      | Reached XP level 1. HP: 11/11 MP: 3/3
   249 | D:1      | Reached XP level 2. HP: 16/17 MP: 0/5
   366 | D:1      | Upgraded the game from 0.05.31-21-ga7dca09944 to
                  | 0.05.31-22-geda828027a
   427 | D:1      | Reached skill level 4 in Necromancy
   427 | D:1      | Reached XP level 3. HP: 14/21 MP: 6/6
   690 | D:1      | Reached skill level 1 in Hexes
   815 | D:1      | Reached XP level 4. HP: 27/27 MP: 7/7
  1377 | D:2      | Identified a scroll of acquirement
  1453 | D:2      | Learned a level 3 spell: Vampiric Draining
  1522 | D:2      | Reached XP level 5. HP: 25/31 MP: 0/9
  1573 | D:2      | Noticed Blork the orc
  1588 | D:2      | Killed Blork the orc
  1886 | D:2      | HP: 1/31 [sewer rat (5)]
  2054 | D:2      | Reached XP level 6. HP: 22/36 MP: 2/11
  2148 | D:2      | Learned a level 4 spell: Animate Dead
  2355 | D:2      | Found a bloodstained altar of Trog.
  2358 | D:2      | Found a hide-covered altar of Uskayaw.
  2359 | D:2      | Found a blossoming altar of Fedhas.
  2361 | D:2      | Found an opulent altar of Gozag.
  2625 | D:2      | Reached skill level 5 in Necromancy
  2964 | D:2      | Noticed Menkaure
  2978 | D:2      | Demolished by Menkaure

Levels and vault maps discovered:
D:1:      dpeg_arrival_ternary, layout_loops_corners
D:2:      layout_sewer, grunt_temple_overflow_open, serial_shops,
          kennysheep_little_box, uniq_purgy, uniq_blork_the_orc, uniq_menkaure

Skill      XL: |  1  2  3  4  5  6 |
---------------+-------------------+-----
Necromancy     | 4 5 |  5.1
Stealth        | 3 4 |  4.1
Hexes          | 1 2 |  2.2
Dodging        | 2 |  2.5
Spellcasting   | 3 |  3.8

Action                   |  1- 3 |  4- 6 || total
-------------------------+-------+-------++-------
Melee: Whip              |     5 |       ||     5
       Unarmed           |     4 |    97 ||   101
       Dagger            |   109 |   270 ||   379
       Short sword       |       |    25 ||    25
Throw: Stone             |     1 |       ||     1
 Cast: Pain              |    22 |   127 ||   149
       Vampiric Draining |       |    10 ||    10
       Animate Dead      |       |     3 ||     3
 Stab: Sleeping          |     4 |     2 ||     6
  Eat: Chunk             |       |     3 ||     3
       Ration            |       |     2 ||     2
Armor: Skin              |    25 |    57 ||    82
Dodge: Dodged            |    50 |   211 ||   261
